 Dungeon Crawl Stone Soup version 0.22-a0-891-g4570db1 (webtiles) character file.

50 plsesad the Skirmisher (level 3, -1/39 HPs)
             Began as an Ogre Hunter on Sept 15, 2019.
             Slain by an orc
             ... wielding a +0 hand axe
              (3 damage)
             ... on level 2 of the Dungeon.
             The game lasted 00:02:21 (1324 turns).

plsesad the Skirmisher (Ogre Hunter)                Turns: 1324, Time: 00:02:21

Health: -1/39      AC:  4    Str: 17    XL:     3   Next: 79%
Magic:  0/3        EV: 10    Int: 12    God:
Gold:   56         SH:  0    Dex:  9    Spells: 2/2 levels left

rFire    . . .     SeeInvis .   e - +0 club
rCold    . . .     Gourm    .   (no shield)
rNeg     . . .     Faith    .   b - +1 robe
rPois    .         Spirit   +   (helmet restricted)
rElec    .         Reflect  .   (no cloak)
rCorr    .         Harm     .   j - amulet of guardian spirit
MR       .....                  (no ring)
Stlth    +.........             (no ring)
HPRegen  0.13/turn
MPRegen  0.08/turn

@: no status effects
A: large, unfitting armour, tough skin 1
a: no special abilities


You were on level 2 of the Dungeon.
You were hungry.

You visited 1 branch of the dungeon, and saw 2 of its levels.

You collected 56 gold pieces.

Inventory:

Hand Weapons
 e - a +0 club (weapon)
Missiles
 c - 5 large rocks (quivered)
 d - 2 throwing nets
Armour
 b - a +1 robe (worn)
Jewellery
 i - an uncursed amulet of regeneration {unknown}
 j - an amulet of guardian spirit (around neck)
Scrolls
 h - a scroll of teleportation
Potions
 a - a potion of lignification {unknown}
Comestibles
 f - 2 rations


   Skills:
 - Level 4.2 Fighting
 + Level 3.0 Maces & Flails
 - Level 4.0 Throwing
 - Level 1.7 Dodging
 - Level 0.6 Stealth


You had 2 spell levels left.
You didn't know any spells.
Your spell library was empty.

Dungeon Overview and Level Annotations

Branches:
Dungeon (2/15)

Altars:


Innate Abilities, Weirdness & Mutations

You are too large for most types of armour.
You have tough skin. (AC +1)


Message History

The shrimp closely misses you.
You hit the shrimp but do no damage.
The shrimp is severely wounded.
The shrimp barely misses you.
You hit the shrimp but do no damage.
The shrimp is severely wounded.
The shrimp barely misses you.
You barely miss the shrimp.
The shrimp is severely wounded.
The shrimp barely misses you.
You hit the shrimp but do no damage.
The shrimp is severely wounded.
The shrimp barely misses you.
You hit the shrimp but do no damage.
The shrimp is severely wounded.
The shrimp misses you.
You barely miss the shrimp.
The shrimp is severely wounded.
The shrimp hits you with a hand cleaving claw.
Your journey is over little crab

..# )............# .. ..#
.............###....## ... ..#
...... ..............##... ..#
....####................. ###
#....##.................
##########....##.................
..................#.........#....
.......)..........#.............#
....)..........o@.#.......†.....#
..................######........#
..##...###........# #......#..
..##...##............ #.........
..##...##......#.....###.......#.
..##...##.....[#.....##.<......#.
..##...##....$.#.....##.......##.
..##...##......#.....##.......##.
. #...# #.......##.


You could see an orc.

Vanquished Creatures
  An ooze (D:2)
  A dart slug (D:1)
  2 leopard geckos (D:1)
  2 orcs (D:2)
  5 giant cockroaches
  4 hobgoblins
  4 jackals (D:1)
  A ball python (D:1)
  5 bats
  2 frilled lizards (D:1)
  6 goblins
  3 kobolds
  A rat (D:1)
37 creatures vanquished.

Notes
Turn   | Place    | Note
-------+----------+-------------------------------------------
     0 | D:1      | plsesad the Ogre Hunter began the quest for the Orb.
     0 | D:1      | Reached XP level 1. HP: 22/22 MP: 1/1
    71 | D:1      | Reached XP level 2. HP: 24/32 MP: 2/2
   128 | D:1      | HP: 1/32 [hobgoblin (3)]
   630 | D:1      | Reached skill level 1 in Maces & Flails
   639 | D:1      | Reached XP level 3. HP: 29/39 MP: 2/3
  1289 | D:2      | HP: 1/39 [orc/hand axe (2)]
  1316 | D:2      | HP: 1/39 [orc/hand axe (3)]
  1324 | D:2      | Slain by an orc

Vault maps used:
D:1:      dpeg_arrival_simpleton_a, serial_bayou, serial_bayou_crossing,
          serial_bayou_shore_b, serial_bayou_pond_d, serial_bayou_lake_a

Skill      XL: |  1  2  3 |
---------------+----------+-----
Fighting       | 3 4 |  4.2
Maces & Flails | 1 3 |  3.0
Throwing       | |  4.0
Dodging        | |  1.7
Stealth        | |  0.6

Action                   || total
-------------------------++-------
Melee: Short sword       ||    56
       Club              ||   112
Throw: Large rock        ||     2
  Use: Scroll            ||     2
 Stab: Sleeping          ||     2
  Eat: Chunk             ||     1
Armor: Robe              ||    63
Dodge: Dodged            ||   101

Table legend:
 A = Spawn XP
 B = Non-spawn XP
 C = Spawn XP percentage of total XP
 D = Spawn monster count
 E = Non-spawn monster count
 F = Spawn count percentage of total count
 G = Total turns spent on level
                    A         B        C        D         E        F      G
               +---------+---------+-------+---------+---------+-------+---------
         Total |       0 |      72 |   0.0 |       0 |      37 |   0.0 |  1324
               +---------+---------+-------+---------+---------+-------+---------
           D:1 |       0 |      43 |   0.0 |       0 |      24 |   0.0 |   902
           D:2 |       0 |      29 |   0.0 |       0 |      13 |   0.0 |   422
               +---------+---------+-------+---------+---------+-------+---------
